 Dungeon Crawl Stone Soup version 0.29.1-4-g47bece8355 (webtiles) character file.

Game seed: 1644202945048150940

499 Hercules1031 the Trooper (level 7, -4/64 HPs)
             Began as a Hill Orc Monk on Dec 7, 2022.
             Slain by a killer bee (8 damage)
             ... on level 5 of the Dungeon.
             The game lasted 00:11:11 (4662 turns).

Hercules1031 the Trooper (Hill Orc Monk)            Turns: 4662, Time: 00:11:12

Health: -4/64      AC: 10    Str: 16    XL:     7   Next: 16%
Magic:  7/7        EV: 12    Int: 10    God:
Gold:   191        SH:  8    Dex: 13    Spells: 6/6 levels left

rFire   . . .      SeeInvis .   a - +0 hand axe (flame)
rCold   . . .      Faith    .   r - +0 kite shield
rNeg    . . .      Spirit   .   h - +0 scale mail
rPois   .          Reflect  .   y - +1 helmet
rElec   .          Harm     .   (no cloak)
rCorr   .          Rampage  .   f - +0 pair of gloves
Will    .....                   (no boots)
Stlth   ..........              (no amulet)
HPRegen 0.20/turn               C - +4 ring of evasion
MPRegen 0.10/turn               (no ring)

@: no status effects
A: no striking features
a: no special abilities


You were on level 5 of the Dungeon.
You visited 1 branch of the dungeon, and saw 6 of its levels.

You collected 191 gold pieces.

Inventory:

Hand Weapons
 a - a +0 hand axe of flaming (weapon)
 v - a +2 dagger of draining
 D - a +0 trident
 E - a +0 sling of freezing
Missiles
 w - a throwing net (quivered)
Armour
 f - a +0 pair of gloves (worn)
 h - a +0 scale mail (worn)
 r - a +0 kite shield (worn)
 t - a +0 chain mail
 y - a +1 helmet (worn)
Jewellery
 C - a +4 ring of evasion (left hand)
Wands
 A - a wand of mindburst (22)
Scrolls
 d - 2 scrolls of teleportation
 g - 2 scrolls of identify
 j - a scroll of fear {unknown}
 k - a scroll of magic mapping
 l - a scroll of amnesia {unknown}
 m - a scroll of brand weapon
 n - a scroll of vulnerability {unknown}
 o - 2 scrolls of torment {unknown}
 p - 2 scrolls of noise {unknown}
 x - a scroll of enchant armour {unknown}
 B - a scroll of enchant weapon {unknown}
Potions
 b - a potion of curing
 c - a potion of lignification {unknown}
 e - a potion of berserk rage {unknown}
 q - 3 potions of flight
 s - a potion of haste {unknown}
 u - a potion of brilliance {unknown}
 z - a potion of degeneration {unknown}


   Skills:
 + Level 6.5 Fighting
 + Level 6.1 Axes
 * Level 3.2 Armour
 - Level 2.4 Dodging
 - Level 1.5 Stealth
 * Level 3.2 Shields


You had 6 spell levels left.
You didn't know any spells.
Your spell library contained the following spells:

 Spells                   Type           Power      Damage    Failure   Level
 Summon Small Mammal      Summ           0%         N/A       99%         1
 Call Canine Familiar     Summ           0%         N/A       100%        3
 Frozen Ramparts          Ice            0%         1d1       100%        3
 Summon Guardian Golem    Hex/Summ       0%         N/A       100%        3
 Ice Form                 Ice/Tmut       0%         N/A       100%        4
 Summon Ice Beast         Ice/Summ       0%         N/A       100%        4


Dungeon Overview and Level Annotations

Branches:
Dungeon (6/15)
 Temple: D:4-7

Altars:


Message History

The killer bee barely misses you.
* * * LOW HITPOINT WARNING * * *
You feel extremely sick.
You block the killer bee's attack. x2; The killer bee closely misses you. x2
You feel much better.
You feel very sick. The killer bee stings you.
You block the killer bee's attack. x2
The killer bee closely misses you. The killer bee completely misses you.
The killer bee stings you.
The killer bee stings you but does no damage.
The killer bee stings you.
* * * LOW HITPOINT WARNING * * *
You are more poisoned.
The killer bee poisons you! The killer bee misses you.
The killer bee barely misses you.
Unknown command.
You feel better. You block the killer bee's attack. The killer bee misses you.
The killer bee stings you but does no damage.
The killer bee misses you. You block the killer bee's attack.
The killer bee closely misses you.
The killer bee stings you but does no damage.
You block the killer bee's attack. The killer bee misses you.
The killer bee stings you!
* * * LOW HITPOINT WARNING * * *
The killer bee attacks as you move away!
You block the killer bee's attack.
The killer bee attacks as you move away!
The killer bee stings you.
* * * LOW HITPOINT WARNING * * *
The killer bee stings you.
* * * LOW HITPOINT WARNING * * *
The killer bee barely misses you.
The killer bee stings you but does no damage.
The killer bee closely misses you.
The killer bee attacks as you move away!
The killer bee stings you.
* * * LOW HITPOINT WARNING * * *
Found a scroll labelled DEITEH YCWUEQUGG.
The killer bee barely misses you. The killer bee stings you!
You die...

<.....# *,,,,...,*#.#*.#
**, ##..###
****###.**#.#*,* *,* ....#
##* #.#*,* **, ##.##
#.#*,******, #.#
########.#*,,,,,,,, #.#
#........#*******,, #.#
#..y.....# *****,*, #.#
**######.y......###...,,,,
*,*
*,?......@yy[.........,,,,
*,*
*,######..y....#......,,,,
*,*****,*
#.....$.#.##.##*,*,
*,,<,,,,* #.......#.#*,#
**,* ####******
####.####.#*,* *** ...#
#.# *,**,* * ##.# #.#
*,**,****** ...# #.#
*,**,,,,,,, #..# *,*
*,*********


You could see 5 killer bees.

Vanquished Creatures
  A phantom (D:4)
  A necrophage (D:5)
  A jelly (D:4)
  Terence (D:2)
  Natasha (twice) (D:2)
  2 orc wizards
  Robin (D:4)
  3 gnolls (D:4)
  7 adders
  A worm (D:4)
  A dart slug (D:4)
  12 orcs
  4 endoplasms
  3 giant cockroaches
  11 goblins
  7 hobgoblins
  2 jackals (D:3)
  4 quokkas
  4 ball pythons
  4 bats
  6 frilled lizards
  7 kobolds
  6 rats
91 creatures vanquished.

Notes
Turn   | Place    | Note
-------+----------+-------------------------------------------
     0 | D:1      | Hercules1031 the Hill Orc Monk began the quest for the Orb.
     0 | D:1      | Reached XP level 1. HP: 19/19 MP: 1/1
   280 | D:1      | Found a faded altar of an unknown god.
   291 | D:1      | Reached XP level 2. HP: 18/27 MP: 2/2
   971 | D:2      | Noticed Terence
   995 | D:2      | Killed Terence
   996 | D:2      | Reached XP level 3. HP: 16/35 MP: 3/3
  1404 | D:2      | Noticed Natasha
  1411 | D:2      | Killed Natasha
  1412 | D:2      | Reached skill level 5 in Fighting
  1412 | D:2      | Reached skill level 5 in Axes
  1412 | D:2      | Reached XP level 4. HP: 41/42 MP: 4/4
  1797 | D:2      | Noticed Natasha
  1807 | D:2      | Killed Natasha
  2317 | D:3      | Reached XP level 5. HP: 49/50 MP: 5/5
  2577 | D:3      | Reached skill level 1 in Armour
  2589 | D:3      | Reached skill level 1 in Shields
  3272 | D:4      | Noticed Robin
  3294 | D:4      | Killed Robin
  3304 | D:4      | Reached XP level 6. HP: 32/56 MP: 6/6
  4211 | D:4      | You fall into a shaft and drop 2 floors!
  4215 | D:5      | Entered Level 5 of the Dungeon
  4371 | D:4      | Reached XP level 7. HP: 60/64 MP: 7/7
  4662 | D:5      | Slain by a killer bee

Illustrated notes

Levels and vault maps discovered:
D:1:      dpeg_arrival_pits, layout_loops_ring, ebering_ecumenical_altar_hall
D:2:      layout_loops_corners, uniq_natasha, uniq_terence
D:3:      kennysheep_six_static_rooms, layout_loops_ring
D:4:      layout_loops_ring, uniq_robin
D:5:      layout_loops_ring, serial_shops, shop
D:6:      layout_loops_corners, nicolae_wu_jian_immortal_techniques,
          bloody_makhleb, nicolae_dithmenos_shadow_blocks, serial_shops, shop,
          shop, nicolae_shop_waterfront, nicolae_shop_trees, uniq_eustachio

Skill      XL: |  1  2  3  4  5  6 |
---------------+-------------------+-----
Fighting       | 4 5 6 |  6.5
Axes           | 5 6 |  6.1
Armour         | 1 3 |  3.2
Shields        | 1 3 |  3.2
Dodging        | |  2.4
Stealth        | |  1.5

Action                   |  1- 3 |  4- 6 |  7- 9 || total
-------------------------+-------+-------+-------++-------
Melee: Hand axe          |    73 |   219 |    17 ||   309
  Use: Potion            |     4 |       |     4 ||     8
       Scroll            |     3 |     2 |     1 ||     6
 Stab: Sleeping          |     4 |       |       ||     4
Armor: Robe              |    10 |       |       ||    10
       Scale mail        |     9 |    77 |    26 ||   112
Dodge: Dodged            |    38 |   102 |    54 ||   194
Block: Kite shield       |       |    31 |    31 ||    62
